Map: Jardín de sombras

Players

MrFercho

  • Race: Zerg Zerg
  • League: Gold
  • Spawn Location: 5:00

TATORREA

  • Race: Protoss Protoss
  • League: Gold
  • Spawn Location: 11:00

tigro

  • Race: Terran Terran
  • League: Bronze
  • Spawn Location: 7:00

IA (Fácil)

  • Race: Terran Terran
  • Spawn Location: 1:00

IA (Fácil)

  • Race: Protoss Protoss
  • Spawn Location: 5:00

IA (Fácil)

  • Race: Terran Terran
  • Spawn Location: 1:00

IA (Fácil)

  • Race: Terran Terran
  • Spawn Location: 11:00

IA (Fácil)

  • Race: Protoss Protoss
  • Spawn Location: 7:00

VOD

Have the link to the VOD?

Description

Time

  • Played on: Aug. 7, 2020, 7:36 p.m.
  • Length: 33:57
Show
View Real Time Build Order
Export as new Build Order

MrFercho Zerg 

Build Orders: Pool First 

Get SALT Encoding   

  12  0:18  Spawning Pool  
  11  0:26  Drone x2  
  13  0:35  Overlord  
  13  0:40  Drone  
  14  0:58  Drone  
  14  1:04  Overlord  
  16  1:11  Zergling x2  
  16  1:12  Queen  
  18  1:21  Zergling x2  
  19  1:32  Zergling x2  
  20  1:43  Zergling x2  
  21  1:55  Zergling x2  
  21  2:19  Zergling x4  
  20  2:31  Spine Crawler  
  20  2:37  Zergling x6  
  21  3:08  Zergling x10  
  24  3:19  Zergling x2  
  25  3:26  Zergling x2  
  26  3:45  Drone x2  
  26  3:48  Drone  
  29  3:49  Zergling x2  
  30  4:13  Extractor, Overlord  
  30  4:14  Overlord  
  29  4:27  Hatchery  
  28  4:41  Hatchery  
  28  4:44  Drone x2  
  28  4:45  Drone  
  30  4:46  Drone  
  30  4:47  Hatchery  
  30  4:59  Drone x2  
  32  5:04  Queen  
  34  5:22  Drone x4  
  38  5:40  Metabolic Boost  
  38  5:43  Drone  
  38  5:44  Drone x4  
  43  6:06  Spore Crawler  
  43  6:11  Drone  
  43  6:14  Drone x5  
  43  6:15  Drone x7  
  43  6:17  Overlord  
  55  6:23  Lair  
  55  7:10  Drone  
  55  7:12  Extractor  
  55  7:13  Drone x3  
  58  7:18  Extractor  
  58  7:20  Extractor  
  56  7:32  Baneling Nest  
  56  7:35  Hydralisk Den  
  54  7:37  Extractor  
  54  7:40  Extractor x2  
  51  7:44  Extractor, Hatchery  
  50  8:34  Drone x3  
  50  8:36  Drone x3  
  55  8:47  Pneumatized Carapace  
  55  8:48  Drone  
  55  8:49  Drone x2  
  55  8:50  Drone x3  
  55  8:52  Drone  
  55  8:53  Drone x2  
  55  8:54  Drone x3  
  67  8:56  Queen x2  
  67  8:57  Queen  
  71  9:20  Spore Crawler  
  70  9:29  Drone  
  70  9:30  Drone x7  
  78  9:32  Overlord x2  
  78  9:33  Overlord x3  
  78  9:38  Overseer  
  78  9:46  Spine Crawler  
  77  10:06  Centrifical Hooks  
  77  10:09  Grooved Spines  
  74  10:34  Hydralisk  
  74  10:35  Hydralisk x22  
  112  10:56  Lurker Den  
  111  10:58  Drone, Spire  
  111  11:01  Drone  
  111  11:02  Drone x6  
  111  11:03  Overlord x2  
  118  11:20  Muscular Augments  
  118  11:23  Infestation Pit  
  117  11:29  Overlord  
  117  11:30  Overlord  
  117  11:49  Drone x19  
  136  12:21  Nydus Network  
  135  12:25  Hive  
  135  12:27  Zerg Flyer Weapons Level 1  
  135  12:28  Mutalisk x3  
  141  12:32  Overlord x6  
  141  12:56  Spore Crawler  
  141  12:57  Drone x2, Spine Crawler  
  142  12:58  Drone x2  
  142  12:59  Drone  
  142  13:01  Spore Crawler  
  143  13:09  Spine Crawler x2  
  143  13:12  Spine Crawler  
  140  13:14  Mutalisk  
  140  13:15  Mutalisk x24  
  190  13:21  Overlord x3  
  190  14:16  Spire  
  189  14:18  Spire  
  189  14:20  Hatchery  
  145  14:53  Hydralisk x14  
  145  14:54  Hydralisk x13  
  145  14:55  Hydralisk x2  
  99  16:19  Overlord x9  
  99  16:20  Overlord x5  
  99  16:38  Zerg Flyer Armor Level 1  
  91  16:47  Spawning Pool  
  78  17:30  Mutalisk x4  
  78  17:31  Mutalisk x8  
  102  17:58  Lair  
  102  18:21  Hatchery  
  101  18:29  Hatchery  
  82  19:27  Mutalisk  
  82  19:28  Mutalisk x19  
  122  19:52  Drone  
  123  19:53  Drone x7  
  100  20:48  Drone x6  
  100  20:49  Queen, Drone x8  
  114  21:01  Queen  
  114  21:02  Queen x3  
  122  21:06  Drone x9  
  131  21:24  Hydralisk Den  
  130  21:30  Infestation Pit  
  129  21:59  Extractor  
  128  22:01  Extractor  
  127  22:10  Extractor  
  127  22:11  Hive  
  127  22:13  Extractor  
  116  22:26  Burrow  
  116  22:41  Mutalisk x14  
  116  22:42  Mutalisk x5  
  148  22:46  Zergling x24  
  106  23:47  Hatchery  
  97  24:35  Zergling x16  
  97  24:36  Zergling x24  
  107  25:48  Corruptor x5  
  107  25:49  Corruptor x3  
  123  25:54  Drone  
  123  25:55  Drone x6  
  126  27:03  Zergling x20  
  126  27:04  Zergling x28  
  148  27:18  Seismic Spines, Hydralisk x4  
  150  27:57  Hydralisk  
  150  27:58  Hydralisk x2  
  155  28:15  Adaptive Talons  
  144  28:23  Zergling x10  
  144  28:24  Zergling x32  
  151  28:27  Lurker  
  134  28:35  Extractor  
  134  28:39  Drone x6  
  139  29:14  Lurker x4  
  129  29:32  Zergling x12  
  129  29:33  Zergling x28  
  149  29:46  Lurker  
  149  29:47  Hydralisk x6  
  149  30:28  Greater Spire  
  149  30:30  Zerg Flyer Armor Level 2  
  149  30:45  Drone x2  
  108  31:05  Zergling x2  
  108  31:06  Zergling x32  
  91  31:21  Zergling x2  
  91  31:22  Zergling x10  
  33  32:50  Mutalisk x4  
Show
View Real Time Build Order
Export as new Build Order

TATORREA Protoss 

Build Orders:  

Get SALT Encoding   

  12  0:03  Probe  
  13  0:15  Probe  
  13  0:20  Pylon  
  14  0:29  Probe (Chrono Boost)  
  15  0:41  Probe (Chrono Boost)  
  16  0:43  Gateway  
  16  0:46  Probe (Chrono Boost)  
  17  0:55  Assimilator  
  17  0:56  Probe  
  18  1:06  Gateway  
  18  1:08  Probe  
  19  1:20  Probe  
  20  1:31  Cybernetics Core  
  20  1:35  Probe (Chrono Boost)  
  20  1:36  Assimilator  
  21  1:46  Probe (Chrono Boost)  
  22  1:50  Probe (Chrono Boost)  
  23  2:11  Warp Gate  
  23  2:19  Pylon  
  23  2:22  Pylon  
  23  2:26  Pylon  
  23  2:37  Stalker x2  
  26  3:07  Stalker x2  
  30  4:03  Stalker x2  
  34  4:29  Stalker  
  34  4:30  Stalker  
  38  5:11  Nexus  
  38  5:13  Pylon  
  38  5:15  Pylon, Probe  
  39  5:29  Stalker  
  39  5:31  Stalker  
  39  5:32  Nexus  
  39  5:33  Pylon  
  43  5:36  Pylon  
  43  5:49  Probe (Chrono Boost)  
  44  5:52  Pylon  
  44  5:55  Pylon  
  44  5:59  Robotics Facility x2  
  44  6:01  Probe (Chrono Boost), Stargate  
  45  6:07  Probe (Chrono Boost)  
  45  6:08  Protoss Air Weapons Level 1 (Chrono Boost)  
  46  6:15  Probe (Chrono Boost)  
  47  6:22  Stalker  
  47  6:23  Stalker  
  52  6:27  Probe (Chrono Boost)  
  52  6:32  Probe x2 (Chrono Boost)  
  54  6:41  Gateway, Probe  
  54  6:42  Probe  
  56  6:47  Assimilator  
  56  6:51  Assimilator  
  56  6:53  Probe  
  56  6:54  Probe x2  
  59  7:03  Oracle (Chrono Boost)  
  62  7:10  Probe  
  62  7:11  Probe x2  
  65  7:23  Probe x3  
  68  7:34  Oracle (Chrono Boost)  
  68  7:35  Probe x3  
  74  7:47  Probe x3  
  77  7:53  Pylon  
  77  7:57  Pylon  
  77  7:59  Probe x3  
  77  8:02  Pylon  
  80  8:07  Pylon  
  80  8:13  Probe x2  
  80  8:14  Probe  
  83  8:23  Assimilator  
  83  8:24  Void Ray, Assimilator  
  83  8:25  Probe  
  83  8:26  Probe x2  
  90  8:37  Probe  
  90  8:38  Probe  
  92  8:49  Nexus  
  92  8:52  Probe x3  
  95  9:04  Probe x3  
  98  9:16  Probe x2  
  97  9:36  Void Ray  
  97  9:37  Probe x3  
  104  9:46  Immortal x2  
  104  9:49  Probe x3  
  115  9:58  Stargate  
  115  10:00  Stargate  
  115  10:02  Fleet Beacon  
  115  10:03  Probe x4  
  115  10:05  Forge  
  115  10:06  Forge  
  119  10:09  Assimilator, Forge  
  119  10:12  Assimilator  
  119  10:13  Robotics Bay  
  119  10:15  Pylon, Probe x2  
  121  10:25  Observer x2  
  121  10:35  Protoss Air Armor Level 1 (Chrono Boost)  
  120  10:46  Immortal  
  124  11:11  Void Ray x3 (Chrono Boost), Unknown  
  136  11:20  Extended Thermal Lance  
  136  11:22  Protoss Ground Armor Level 1 (Chrono Boost), Protoss Ground Weapons Level 1 (Chrono Boost), Protoss Shields Level 1 (Chrono Boost)  
  136  11:23  Colossus  
  136  11:25  Colossus  
  148  11:36  Probe  
  148  11:37  Probe x2  
  151  11:46  Void Ray x2  
  151  11:47  Void Ray  
  159  11:50  Stalker x3  
  169  12:01  Twilight Council  
  169  12:13  Gateway  
  169  12:14  Gateway  
  169  12:16  Gateway, Colossus  
  169  12:19  Gateway  
  169  12:21  Gateway  
  175  12:24  Gateway  
  175  12:31  Protoss Air Weapons Level 2 (Chrono Boost)  
  175  12:33  Gateway  
  175  12:35  Gateway, Pylon  
  175  12:38  Gateway  
  175  12:41  Gateway  
  175  12:43  Colossus  
  175  12:44  Gateway  
  175  12:46  Pylon  
  175  12:50  Pylon  
  175  12:53  Pylon  
  175  12:56  Pylon  
  181  13:00  Pylon  
  181  13:03  Gateway, Colossus  
  181  13:04  Void Ray x3 (Chrono Boost), Pylon  
  181  13:05  Gateway  
  181  13:12  Pylon  
  199  13:16  Gravitic Boosters  
  199  13:20  Protoss Ground Armor Level 2 (Chrono Boost), Protoss Ground Weapons Level 2 (Chrono Boost)  
  199  13:21  Protoss Shields Level 2 (Chrono Boost), Gateway  
  199  13:38  Templar Archives  
  199  13:44  Dark Shrine  
  199  14:17  Nexus  
  199  14:19  Pylon  
  199  14:20  Pylon  
  199  14:30  Assimilator  
  199  14:36  Assimilator  
  181  14:59  Stalker  
  174  15:00  Stalker x5  
  174  15:01  Stalker x3  
  174  15:02  Stalker x3  
  174  15:03  Stalker x2  
  174  15:04  Stalker  
  158  15:40  Stalker  
  158  15:41  Stalker x4  
  158  15:42  Stalker x4  
  172  15:43  Stalker x5  
  172  15:44  Stalker  
  172  15:45  Stalker x2  
  190  15:56  Blink (Chrono Boost)  
  134  17:15  Probe  
  134  17:16  Probe x2  
  137  17:28  Probe x2 (Chrono Boost)  
  140  17:30  Probe (Chrono Boost)  
  140  17:40  Probe x2 (Chrono Boost)  
  140  17:42  Probe (Chrono Boost)  
  143  17:47  Probe x3 (Chrono Boost)  
  146  17:54  Probe x3  
  146  17:57  Nexus  
  149  17:59  Probe  
  149  18:00  Protoss Ground Weapons Level 3 (Chrono Boost), Protoss Shields Level 3 (Chrono Boost), Protoss Ground Armor Level 3 (Chrono Boost)  
  150  18:06  Probe x3  
  150  18:08  Gravitic Drive  
  150  18:11  Probe  
  154  18:18  Probe x3  
  157  18:24  Probe  
  158  18:30  Probe x3  
  158  18:33  Assimilator  
  161  18:37  Probe  
  162  18:42  Probe x2  
  162  18:46  Probe  
  165  18:49  Probe  
  165  18:54  Probe  
  165  18:55  Probe  
  168  18:58  Probe  
  168  19:01  Charge (Chrono Boost), Probe  
  170  19:06  Probe  
  172  19:10  Probe x2  
  172  19:14  Probe  
  174  19:19  Probe  
  174  19:22  Probe x2  
  177  19:26  Probe  
  177  19:27  Shadow Stride  
  177  19:28  Psionic Storm  
  177  19:31  Probe  
  169  19:39  Probe x3  
  169  19:43  Probe  
  171  19:51  Probe  
  162  20:37  Stalker x4  
  162  20:38  Stalker x4  
  162  20:39  Stalker x2  
  182  20:44  Probe x2  
  182  20:48  Probe x2  
  186  20:50  Assimilator  
  186  21:08  Probe x3  
  186  21:09  Probe  
  190  21:20  Probe  
  191  21:26  Zealot x4  
  191  21:29  Protoss Air Weapons Level 3 (Chrono Boost)  
  199  21:33  Probe  
  166  23:26  Void Ray x3 (Chrono Boost)  
  167  24:02  Void Ray x3  
  178  24:08  Probe x2 (Chrono Boost)  
  181  24:13  Probe (Chrono Boost)  
  181  24:19  Probe x2 (Chrono Boost)  
  181  24:21  Protoss Air Armor Level 2  
  181  24:23  Probe (Chrono Boost)  
  181  24:24  Probe x2 (Chrono Boost)  
  186  24:32  Probe  
  186  24:34  Probe x2  
  186  24:37  Nexus  
  189  24:40  Assimilator  
  189  24:42  Pylon  
  189  24:44  Void Ray, Probe  
  189  24:45  Void Ray, Pylon  
  198  24:46  Probe x2  
  200  24:53  Nexus  
  200  24:56  Pylon  
  200  24:58  Pylon  
  196  25:56  Probe  
  198  25:57  Probe x3  
  161  27:20  Assimilator  
  161  27:25  Probe x4  
  161  27:26  Probe  
  166  27:37  Probe x3  
  166  27:38  Probe  
  170  27:47  Stalker x5  
  170  27:48  Stalker x3, Assimilator  
  170  27:49  Stalker x3, Assimilator  
  192  27:56  Pylon  
  188  28:15  Pylon  
  188  28:16  Pylon  
  188  28:19  Pylon  
  188  28:20  Pylon  
  188  29:02  Gateway  
  188  29:04  Gateway  
  188  29:05  Gateway  
  188  29:23  Carrier x2 (Chrono Boost), Nexus  
  188  29:25  Pylon  
  188  29:28  Pylon  
  200  29:34  Protoss Air Armor Level 3 (Chrono Boost)  
  192  30:22  Probe x3  
  192  30:23  Probe x2  
  193  30:34  Carrier, Probe  
  125  31:40  Observer x2  
  125  31:41  High Templar  
  125  31:42  High Templar x5  
  125  31:43  High Templar x4  
  125  31:44  High Templar x5  
  125  31:45  High Templar x3  
  162  31:49  Archon x4  
  162  31:50  Archon x3  
  162  31:51  Archon  
  162  32:02  Archon  
  162  32:17  Observer x2  
  162  32:19  High Templar x2  
  162  32:20  High Templar x4  
  162  32:21  High Templar x5  
  162  32:22  High Templar  
  188  32:23  Zealot x2  
  188  32:24  Zealot x4  
  188  32:26  Archon  
  188  32:27  Archon x4  
  191  32:39  Probe x4  
  191  32:40  Probe  
  196  32:51  Probe x3  
  196  32:52  Probe  
Show
View Real Time Build Order
Export as new Build Order

tigro Terran 

Build Orders:  

Get SALT Encoding   

  12  0:13  SCV  
  13  0:19  Supply Depot  
  13  0:25  SCV  
  14  0:37  SCV  
  15  0:46  Barracks  
  16  0:50  SCV  
  16  0:56  Refinery  
  16  1:02  SCV  
  17  1:14  SCV  
  18  1:24  Supply Depot  
  18  1:26  SCV  
  19  1:33  Marine  
  19  1:38  SCV  
  21  1:43  Refinery  
  21  1:50  SCV  
  21  1:51  Marine  
  23  2:02  SCV  
  23  2:06  Barracks  
  24  2:09  Marine  
  21  2:26  Marine  
  20  2:41  SCV  
  21  2:44  Marine  
  21  2:57  Barracks Reactor  
  20  3:02  Marine  
  20  3:19  Orbital Command  
  20  3:20  Marine  
  20  3:33  Marine x2  
  22  3:38  Marine  
  22  3:51  Marine x2  
  23  3:55  Marine  
  22  4:09  Marine x2  
  24  4:11  Factory  
  24  4:13  Marine  
  22  4:27  Marine x2  
  22  4:31  Marine  
  21  4:44  Marine  
  21  4:45  Marine  
  22  4:49  Marine  
  15  5:02  Marine x2  
  14  5:17  Factory Tech Lab  
  14  5:20  Marine x2  
  14  5:21  Barracks Tech Lab  
  13  5:38  Marine x2  
  14  5:44  Combat Shield  
  14  5:48  Siege Tank  
  15  5:56  Marine x2  
  17  5:58  SCV  
  17  6:10  Engineering Bay, SCV  
  16  6:22  SCV  
  16  6:32  Marine x2  
  18  6:34  SCV  
  19  6:46  SCV  
  20  6:48  Terran Infantry Weapons Level 1  
  20  6:50  Marine x2  
  22  6:58  SCV  
  23  7:03  Stimpack  
  23  7:07  Marine  
  23  7:08  Marine  
  24  7:10  SCV  
  22  7:22  SCV  
  22  7:25  Marine  
  22  7:26  Marine  
  21  7:59  Marine  
  21  8:00  Marine  
  23  8:15  Marine  
  23  8:17  Marine  
  23  8:18  Marine  
  25  8:33  Marine  
  25  8:35  Marine x2  
  27  8:42  Terran Infantry Armor Level 1  
  25  8:51  Marine  
  25  8:53  Marine x2  
  26  9:09  Marine  
  25  9:23  Siege Tank  
  27  9:26  Marine  
  28  9:36  Marine x2  
  27  9:54  Marine x2  
  27  10:11  Marine  
  27  10:12  Marine  
  28  10:17  Marine  
  29  10:29  Marine x2  
  29  10:30  Starport  
  29  10:35  Marine  
  32  10:36  Neosteel Armor  
  30  10:47  Marine x2  
  31  10:52  Marine  
  31  11:05  Marine x2  
  31  11:10  Marine  
  31  11:13  Siege Tank  
  32  11:28  Marine  
  32  11:34  Medivac  
  33  12:16  Hi-Sec Auto Tracking  
  33  12:22  Marine x3  
  36  12:39  Marine  
  36  12:40  Marine x2  
  39  12:50  Starport Tech Lab  
  39  12:57  Marine  
  39  12:58  Marine x2  
  42  13:04  Armory  
  42  13:15  Marine x3  
  45  13:33  Marine  
  46  14:33  Command Center  
  46  14:50  Missile Turret  
  46  15:16  Missile Turret  
  46  15:42  Terran Infantry Weapons Level 2  
  46  15:45  Terran Vehicle Weapons Level 1  
  46  15:47  Missile Turret  
  46  15:55  SCV  
  47  16:09  Missile Turret  
  47  16:49  Missile Turret  
  47  17:10  Missile Turret  
  47  17:39  Missile Turret  
  47  17:40  Refinery  
  47  17:49  Refinery  
  47  17:58  Terran Infantry Armor Level 2  
  47  18:01  Refinery  
  47  18:03  Missile Turret  
  47  18:06  Refinery  
  47  18:23  Missile Turret  
  47  18:24  Thor  
  48  19:46  Missile Turret  
  48  20:02  SCV  
  49  20:14  Missile Turret  
  43  20:51  SCV  
  43  20:56  Barracks Tech Lab  
  44  21:03  SCV  
  45  21:16  SCV  
  46  21:19  Orbital Command  
  46  21:28  SCV  
  47  21:40  SCV  
  48  21:52  SCV  
  49  21:56  Armory, Cyclone  
  49  21:58  Missile Turret  
  52  22:04  SCV  
  52  22:05  SCV  
  54  22:16  Marine x3, SCV  
  54  22:17  SCV  
  59  22:25  Fusion Core  
  59  22:28  SCV  
  59  22:29  SCV  
  61  22:33  Marine  
  62  22:44  Supply Depot  
  62  23:05  Marine x3  
  62  23:06  Supply Depot, Cyclone, SCV x2  
  70  23:15  Missile Turret  
  70  23:27  Marine x3  
  70  23:28  SCV x2  
  70  23:30  Supply Depot  
  70  23:31  Weapon Refit  
  75  23:35  Terran Vehicle And Ship Armor Level 1  
  75  23:37  Missile Turret  
  75  23:38  Cyclone  
  75  23:40  SCV  
  79  23:44  Medivac  
  79  23:45  Marine x2  
  83  23:52  SCV  
  84  23:58  Planetary Fortress  
  84  23:59  Missile Turret  
  84  24:03  Marine  
  84  24:04  SCV  
  86  24:10  Cyclone  
  86  24:16  SCV  
  90  24:28  SCV  
  90  24:29  Missile Turret  
  91  24:42  Cyclone  
  94  25:00  Missile Turret  
  94  25:11  Rapid Reignition System  
  94  25:14  Cyclone  
  97  25:29  Terran Ship Weapons Level 1  
  97  25:46  Cyclone  
  100  25:56  Terran Infantry Weapons Level 3  
  100  26:22  Cyclone  
  90  26:26  Marine x3  
  48  26:43  Medivac  
  48  26:44  Marine x3  
  53  26:54  Cyclone  
  56  27:02  Marine x3  
  59  27:13  Battlecruiser  
  65  27:19  Marine  
  65  27:20  Marine x2  
  68  27:23  Terran Vehicle Weapons Level 2  
  68  27:26  Thor  
  74  27:37  Marine x2  
  76  28:09  Thor  
  82  28:17  Battlecruiser, Missile Turret  
  88  28:33  Terran Infantry Armor Level 3  
  88  28:39  Missile Turret  
  88  28:45  Command Center  
  88  28:51  Thor  
  92  29:03  Missile Turret  
  92  29:22  Battlecruiser  
  98  29:35  Cyclone  
  98  29:38  Terran Vehicle And Ship Armor Level 2, Missile Turret  
  101  30:02  Command Center  
  101  30:36  Battlecruiser  
  107  31:13  Thor  
  107  31:15  Refinery  
  113  31:36  Refinery  
  113  31:40  Battlecruiser  
  113  31:43  Supply Depot  
  119  31:56  Thor  
  125  32:07  Supply Depot  
  125  32:10  Planetary Fortress  
  125  32:30  Supply Depot  
  125  32:45  Battlecruiser  
  131  32:55  Supply Depot, Missile Turret  
  131  33:18  Missile Turret  
  131  33:39  Missile Turret  
Show
View Real Time Build Order
Export as new Build Order

IA (Fácil) Terran 

Build Orders:  

Get SALT Encoding   

  12  0:01  SCV  
  13  0:13  SCV  
  14  0:19  Supply Depot  
  14  0:25  SCV  
  15  0:41  SCV  
  16  0:43  Barracks  
  16  0:48  Refinery  
  16  1:12  Supply Depot  
  16  1:21  Refinery  
  16  1:30  Marine  
  17  1:33  Orbital Command  
  17  1:49  Barracks Tech Lab  
  17  2:07  Marine  
  18  2:14  Supply Depot  
  18  2:15  SCV  
  19  2:28  SCV  
  20  2:31  Marine  
  21  2:40  SCV  
  22  2:52  SCV  
  22  2:56  Marauder  
  25  3:04  SCV  
  26  3:16  SCV  
  27  3:20  Marine  
  28  3:45  Marauder  
  30  3:51  Supply Depot  
  26  3:59  SCV  
  22  4:06  Marine  
  21  4:11  SCV  
  17  4:23  SCV  
  17  4:24  Marine  
  14  4:35  SCV  
  13  4:41  Marine  
  13  4:47  SCV  
  14  4:59  SCV  
  16  5:00  Marauder  
  16  5:11  SCV  
  18  5:21  Marauder  
  18  5:23  SCV  
  19  5:36  SCV  
  20  5:44  Marine  
  20  5:48  SCV  
  22  6:00  SCV  
  23  6:08  Marine  
  24  6:12  SCV  
  25  6:24  SCV  
  26  6:32  Marine  
  22  6:36  SCV  
  19  6:48  SCV  
  18  6:54  Marauder  
  18  6:58  Factory  
  18  7:00  SCV  
  19  7:12  SCV  
  18  7:15  Marine  
  18  7:24  SCV  
  19  7:33  Reaper  
  19  7:37  SCV  
  21  7:44  Starport  
  20  7:49  SCV  
  21  8:01  SCV  
  21  8:05  Marine  
  22  8:10  Command Center  
  23  8:13  SCV  
  23  8:21  Starport Tech Lab  
  23  8:23  Marine  
  23  8:25  SCV  
  25  8:37  SCV  
  25  8:39  Raven  
  25  8:41  Marine  
  29  8:49  SCV  
  29  8:54  Supply Depot  
  28  8:59  Marauder  
  28  9:01  SCV  
  30  9:13  SCV  
  29  9:20  Reaper  
  29  9:22  Raven  
  31  9:24  SCV  
  31  9:29  Hellion, SCV  
  33  9:36  SCV  
  32  9:41  SCV  
  30  9:48  SCV  
  30  9:52  Marine  
  31  9:53  SCV  
  30  10:00  SCV  
  30  10:05  Viking, SCV  
  31  10:13  SCV  
  28  10:16  Marauder  
  28  10:17  SCV  
  30  10:25  SCV  
  29  10:29  SCV  
  29  10:36  Marine  
  29  10:37  SCV  
  29  10:41  SCV  
  30  10:49  SCV  
  31  10:53  SCV  
  31  10:54  Marine  
  31  10:57  Raven  
  31  11:01  SCV  
  34  11:05  SCV  
  35  11:12  Marine  
  35  11:13  SCV  
  35  11:17  SCV  
  36  11:25  SCV  
  37  11:30  Marine, SCV  
  39  11:37  SCV  
  38  11:42  SCV  
  38  11:48  Reaper  
  38  11:49  SCV  
  38  11:50  Medivac  
  38  11:54  SCV  
  40  12:02  Factory Tech Lab  
  39  12:14  SCV  
  40  12:19  SCV  
  40  12:20  Medivac, Marine  
  43  12:26  SCV  
  44  12:30  Cyclone  
  44  12:31  SCV  
  44  12:34  Refinery  
  47  12:39  Engineering Bay, SCV  
  47  12:43  SCV  
  47  12:45  Marine  
  47  12:49  Raven  
  47  12:51  SCV  
  41  12:58  Refinery  
  41  13:02  Siege Tank  
  41  13:05  Terran Infantry Armor Level 1  
  36  13:14  Marauder  
  24  13:22  SCV  
  24  13:27  SCV  
  24  13:32  Raven  
  26  13:34  SCV  
  26  13:35  Hellion  
  26  13:44  Marauder  
  22  13:49  SCV  
  22  13:55  SCV  
  24  13:59  Hellion  
  20  14:13  Marauder  
  20  14:15  Medivac  
  21  14:27  SCV  
  21  14:43  SCV  
  22  14:46  Barracks  
  22  14:56  SCV  
  19  15:08  SCV  
  18  15:15  Starport  
  18  15:20  SCV  
  13  15:35  Marine  
  14  15:43  Factory  
  14  15:53  Marine  
  15  16:08  SCV  
  15  16:17  Marine  
  15  16:20  SCV  
  16  16:26  Starport Tech Lab  
  16  16:32  SCV  
  16  16:35  Marine  
  16  16:44  SCV  
  17  16:53  Marine  
  13  17:02  Command Center  
  13  17:10  Raven  
  9  17:39  Factory  
  9  17:57  Orbital Command  
  6  19:02  Supply Depot  
Show
View Real Time Build Order
Export as new Build Order

IA (Fácil) Protoss 

Build Orders:  

Get SALT Encoding   

  12  0:01  Probe  
  13  0:13  Probe  
  14  0:19  Pylon  
  14  0:25  Probe  
  15  0:33  Probe  
  16  0:44  Assimilator  
  16  0:49  Gateway  
  16  0:54  Pylon  
  16  1:18  Assimilator  
  16  1:28  Zealot  
  16  1:39  Cybernetics Core  
  18  2:05  Adept  
  14  2:26  Pylon  
  14  2:27  Probe  
  8  2:35  Zealot  
  10  2:44  Probe  
  11  2:56  Probe  
  10  3:03  Stalker  
  12  3:05  Probe  
  13  3:13  Probe  
  13  3:18  Pylon  
  11  3:23  Probe  
  9  3:35  Probe  
  9  3:47  Probe  
Show
View Real Time Build Order
Export as new Build Order

IA (Fácil) Terran 

Build Orders:  

Get SALT Encoding   

  12  0:01  SCV  
  13  0:13  SCV  
  14  0:19  Supply Depot  
  14  0:25  SCV  
  15  0:41  SCV  
  16  0:44  Barracks  
  16  0:48  Refinery  
  16  1:11  Supply Depot  
  16  1:22  Refinery  
  16  1:30  Orbital Command  
  16  1:31  Marine  
  17  1:51  Barracks Tech Lab  
  17  1:56  SCV  
  19  2:08  SCV  
  19  2:09  Marauder  
  19  2:11  Supply Depot  
  21  2:20  SCV  
  22  2:30  Marine  
  22  2:32  SCV  
  24  2:44  SCV  
  24  2:48  Marine  
  26  2:56  SCV  
  27  3:06  Marauder  
  29  4:09  Marine  
  28  4:27  Marine  
  26  4:45  Marine  
  24  5:02  SCV  
  24  5:03  Marauder  
  24  5:05  Factory  
  24  5:06  Supply Depot  
  26  5:14  SCV  
  27  5:25  Marauder  
  27  5:26  SCV  
  29  5:32  Supply Depot  
  29  5:38  SCV  
  30  5:45  Marine  
  31  5:52  Starport  
  31  6:03  Marine  
  32  6:15  Command Center  
  32  6:22  Marauder  
  34  6:30  Starport Tech Lab  
  33  6:42  Marine  
  33  6:49  Raven  
  31  7:00  Marine  
  31  7:18  Reaper  
  29  7:28  SCV  
  30  7:32  Raven, SCV  
  33  7:40  SCV  
  34  7:45  Refinery, SCV  
  34  7:47  Refinery  
  34  7:50  Marine  
  36  7:52  SCV  
  36  7:57  SCV  
  38  8:04  SCV  
  39  8:08  Marine  
  39  8:09  SCV  
  40  8:16  SCV  
  40  8:21  SCV  
  40  8:26  Marauder  
  41  8:28  SCV  
  41  8:33  Raven, SCV  
  41  8:40  SCV  
  42  8:45  SCV  
  42  8:48  Marauder  
  45  8:53  SCV  
  43  8:57  SCV  
  43  8:59  Hellion  
  43  9:05  SCV  
  43  9:09  SCV  
  41  9:16  Raven  
  43  9:17  SCV  
  43  9:21  Hellion, SCV  
  47  9:29  SCV  
  47  9:31  Reaper  
  49  9:33  SCV  
  49  9:36  Supply Depot  
  50  9:41  SCV  
  51  9:46  SCV  
  50  9:53  SCV  
  50  9:58  Viking, SCV  
  54  10:05  SCV  
  54  10:09  Marine  
  54  10:10  SCV  
  54  10:12  Engineering Bay  
  54  10:14  Supply Depot  
  51  10:24  Widow Mine  
  51  10:28  Medivac, SCV  
  55  10:38  Terran Infantry Weapons Level 1  
  55  10:40  Supply Depot, Marine  
  55  10:46  Factory Tech Lab  
  52  10:56  SCV  
  50  10:57  Armory, Marine  
  50  10:58  Medivac  
  51  11:06  SCV  
  50  11:15  Marine  
  48  11:26  Widow Mine  
  48  11:28  Medivac  
  47  11:33  SCV  
  47  11:38  SCV  
  46  11:41  Marauder  
  46  11:45  SCV  
  46  11:50  SCV  
  45  11:55  Hellion  
  45  11:57  SCV  
  45  11:58  Raven  
  42  12:02  SCV  
  43  12:09  SCV  
  43  12:10  Marine  
  43  12:14  SCV  
  46  12:21  SCV  
  47  12:26  SCV  
  47  12:28  Marine  
  49  12:32  Terran Infantry Armor Level 1  
  49  12:33  SCV  
  50  12:38  SCV  
  50  12:41  Raven  
  53  12:45  SCV  
  53  12:46  Marine  
  53  12:51  SCV  
  55  12:56  Siege Tank  
  58  13:12  Command Center, Marine  
  55  13:24  Raven  
  57  13:30  Marine  
  56  13:43  Widow Mine  
  58  13:57  Marine  
  59  14:07  Medivac  
  61  14:12  Thor  
  63  14:26  SCV  
  63  14:28  Marine  
  63  14:31  SCV  
  66  14:36  SCV  
  67  14:41  SCV  
  67  14:45  Refinery  
  68  14:46  Marine, SCV  
  68  14:48  Terran Infantry Weapons Level 2  
  68  14:50  Refinery  
  68  14:51  SCV  
  68  14:52  Terran Vehicle Weapons Level 1  
  71  14:55  Widow Mine, SCV  
  74  15:00  SCV  
  74  15:04  Marine  
  74  15:05  SCV  
  76  15:07  Supply Depot  
  76  15:09  SCV  
  78  15:14  SCV  
  78  15:18  SCV  
  79  15:22  Marine  
  79  15:23  SCV  
  81  15:40  Marauder  
  83  16:01  Marine  
  84  16:11  Raven  
  84  16:19  Marine  
  83  16:36  Marine  
  80  16:49  Terran Vehicle And Ship Armor Level 1  
  80  16:55  Marauder  
  81  17:10  Terran Infantry Armor Level 2  
  81  17:16  Marine  
  82  17:33  Marine  
  83  17:43  Viking  
  85  17:52  Marauder  
  87  18:02  Hellion  
  89  18:13  Marine  
  90  18:23  Siege Tank  
  93  18:31  Marauder  
  95  18:35  Supply Depot  
  95  18:47  Terran Ship Weapons Level 1  
  95  18:52  Marine  
  95  18:55  Siege Tank  
  99  19:10  Marine  
  100  19:27  Widow Mine  
  100  19:29  Marine  
  103  19:31  Command Center  
  103  20:05  Marine  
  98  20:12  Raven  
  98  20:13  Thor  
  78  20:22  Marine  
  79  20:40  Marine  
  80  20:44  SCV  
  81  20:52  Refinery  
  81  20:55  Raven  
  81  20:56  Siege Tank  
  86  20:59  Marine  
  86  21:02  Refinery  
  87  21:28  Widow Mine  
  87  21:29  SCV  
  89  21:38  Medivac  
  91  22:08  Raven  
  93  22:14  Marauder  
  95  22:35  Marine  
  96  22:53  Marine  
  97  23:11  Marine  
  87  23:16  Medivac  
  63  23:29  Marauder  
  61  23:46  Raven  
  63  23:50  Marine  
  64  24:08  Marine  
  64  24:23  Command Center  
  64  24:25  Marine  
  64  24:29  Medivac  
  67  24:44  Marauder  
  69  24:59  Raven  
  71  25:05  Marine  
  71  25:23  Marauder  
  73  25:37  SCV  
  73  25:41  SCV  
  75  25:44  Marauder  
  77  25:57  Medivac  
  77  25:59  Refinery  
  77  26:03  Refinery  
  58  26:06  Marauder  
  60  26:27  Medivac, Marine  
  63  26:44  Command Center, Marine  
  64  26:57  Raven  
  66  27:02  Marine  
  67  27:20  Marine  
  68  27:38  Marine  
  68  27:40  Raven  
  71  27:56  Marauder  
  73  27:58  Refinery  
  73  28:04  SCV  
  73  28:05  Refinery  
  73  28:17  Marine  
  74  28:35  Marine  
  75  28:53  Marine  
  76  29:10  Marine  
  76  29:12  Widow Mine  
  79  29:29  Marauder  
  81  29:33  Siege Tank  
  84  29:47  SCV  
  84  29:50  Marauder  
  81  29:53  Medivac  
  63  30:06  Widow Mine  
  65  30:11  Marine  
  66  30:23  Raven  
  66  30:27  Hellion, Refinery  
  70  30:29  Marine  
  71  30:42  SCV  
  62  30:46  SCV  
  62  30:47  Marine  
  52  30:50  SCV  
  52  30:55  SCV  
  52  30:56  Hellion  
  56  30:59  SCV  
  56  31:04  Marine, SCV  
  58  31:06  Raven  
  58  31:08  SCV  
  62  31:12  SCV  
  62  31:17  SCV  
  64  31:20  Command Center  
  64  31:21  SCV  
  64  31:22  Marine  
  64  31:25  SCV  
  67  31:26  Command Center  
  67  31:30  SCV  
  67  31:31  Refinery  
  68  31:34  SCV  
  68  31:38  SCV  
  70  31:40  Marine  
  70  31:43  SCV  
  72  31:49  Medivac  
  72  31:51  Command Center  
  74  31:55  SCV  
  74  31:58  Marine  
  74  31:59  SCV  
  77  32:16  Marauder  
  77  32:19  Raven  
  81  32:37  Marine  
  80  32:55  Marine  
  81  33:01  Raven  
  81  33:03  SCV, Siege Tank  
  87  33:08  SCV  
  87  33:12  SCV  
  89  33:13  Marauder  
  89  33:16  SCV  
  89  33:19  Refinery  
  91  33:20  SCV  
  91  33:23  Refinery  
  91  33:25  SCV  
  93  33:34  Marine  
Show
View Real Time Build Order
Export as new Build Order

IA (Fácil) Terran 

Build Orders:  

Get SALT Encoding   

  12  0:01  SCV  
  13  0:13  SCV  
  14  0:18  Supply Depot  
  14  0:25  SCV  
  15  0:40  SCV  
  15  0:42  Barracks  
  16  0:46  Refinery  
  16  1:09  Supply Depot  
  16  1:20  Refinery  
  16  1:29  Marine  
  16  1:31  Orbital Command  
  17  1:48  Barracks Tech Lab  
  17  2:06  Marine  
  18  2:13  Supply Depot, SCV  
  19  2:25  SCV  
  20  2:33  Marine  
  21  2:37  SCV  
  22  2:49  SCV  
  23  3:00  Marauder  
  23  3:02  SCV  
  26  3:14  SCV  
  25  3:20  Marine  
  23  3:42  Marine  
  23  3:46  SCV  
  20  3:58  SCV  
  19  4:09  Marauder  
  17  4:10  SCV  
  15  4:22  SCV  
  9  4:35  SCV  
  7  4:47  SCV  
  8  4:59  SCV  
  9  5:11  SCV  
  10  5:23  SCV  
  8  5:35  SCV  
  2  5:53  Barracks  
Show
View Real Time Build Order
Export as new Build Order

IA (Fácil) Protoss 

Build Orders:  

Get SALT Encoding   

  12  0:01  Probe  
  13  0:13  Probe  
  14  0:22  Pylon  
  14  0:25  Probe  
  15  0:36  Probe  
  16  0:47  Assimilator  
  16  0:52  Gateway  
  16  0:55  Pylon  
  16  1:17  Assimilator  
  16  1:32  Zealot  
  16  1:43  Cybernetics Core  
  18  1:48  Probe  
  19  2:01  Pylon, Probe  
  20  2:09  Warp Gate, Probe  
  21  2:17  Probe  
  21  2:20  Adept  
  24  2:29  Probe  
  25  2:41  Probe  
  26  2:50  Adept  
  28  3:20  Stalker  
  30  4:47  Zealot  
  24  5:09  Stalker  
  26  5:26  Probe  
  25  5:30  Adept, Pylon  
  27  5:39  Probe  
  26  5:50  Robotics Facility  
  26  5:51  Adept, Probe  
  26  5:55  Pylon  
  27  6:06  Probe  
  27  6:12  Zealot  
  29  6:28  Zealot  
  31  6:39  Observer  
  30  6:41  Pylon  
  30  6:43  Zealot  
  32  7:00  Observer  
  31  7:03  Zealot  
  31  7:07  Probe  
  24  7:16  Nexus  
  24  7:17  Probe  
  24  7:22  Immortal  
  25  7:25  Probe  
  25  7:32  Zealot  
  25  7:33  Probe  
  24  7:45  Probe  
  23  7:53  Adept  
  23  7:57  Probe  
  21  8:10  Probe  
  18  8:14  Stalker  
  18  8:21  Probe  
  19  8:29  Probe  
  19  8:30  Probe  
  17  8:34  Stalker  
  17  8:38  Probe  
  19  8:43  Probe  
  18  8:48  Probe  
  18  8:49  Immortal  
  18  8:55  Probe  
  22  9:00  Probe  
  21  9:07  Assimilator, Probe  
  21  9:09  Pylon  
  22  9:13  Probe  
  23  9:19  Probe  
  24  9:25  Probe  
  24  9:27  Probe  
  25  9:33  Probe  
  25  9:35  Probe  
  27  9:40  Pylon  
  27  9:41  Probe  
  27  9:43  Pylon  
  29  9:46  Probe  
  29  9:51  Probe  
  30  9:58  Stalker, Probe  
  32  10:03  Probe  
  29  10:14  Pylon  
  29  10:21  Stalker  
  29  10:26  Immortal  
  33  10:47  Pylon  
  31  10:50  Stalker  
  31  11:06  Probe  
  31  11:07  Pylon  
  30  11:15  Gateway  
  29  11:21  Twilight Council  
  29  11:25  Pylon  
  25  11:30  Stargate  
  19  11:47  Zealot  
  17  11:57  Probe  
  15  12:22  Probe  
  14  12:28  Probe  
  14  12:34  Probe  
  14  12:36  Probe  
  16  13:01  Probe  
  16  13:04  Probe  
  16  13:05  Pylon  
  17  13:07  Pylon  
  9  14:51  Probe  
  10  15:26  Pylon  
  10  15:31  Pylon  
  10  15:32  Probe  
  10  15:35  Pylon  
  11  15:38  Pylon  
  11  15:42  Probe  
  12  15:50  Probe  
  13  15:58  Probe  
  13  16:01  Gateway  
  13  16:06  Probe  
Tags
 
Add a new tag
Caveats
  • Supply blocks, unpowered buildings, or Contaminate may cause inaccurate times.
  • Supply counts are checked every 10 seconds.